AoeStats
← 瓦兰吉程咬金三板斧

Arena

510970593Analyzed
4v4 RM · 14h ago on Oct 3, 2026· 35m 31s· 8 players
Game mode
Random Map
Map size
Large (8 player)
Population
200
Speed
Normal
Resources
Standard
Victory
Conquest
Starting age
Dark Age
Ending age
Imperial Age
RankedLock teamsTeams togetherTeam positionsShared explorationLock speedFull tech treeHidden civsTurbo modeCheats
Victory
Defeat
🇸🇮 Burgundians · Slovenia
1537
+12
🇲🇽 Varangians · Mexico
1416
+17
🇹🇷 Bengalis · Türkiye
1415
+17
🇩🇪 Wu · Germany
1404
+17
🇨🇳 Slavs · China
1517
-20
🇨🇳 Ethiopians · China
1424
-15
1419
-15
🇨🇳 Saxons · China
1361
-13
小胡喝不了酒
8:11 Loom
11:00 Feudal Age
14:33 Castle Age
12:25 Double-Bit Axe
12:48 Horse Collar
16:03 Bow Saw
20:50 Wheelbarrow
21:15 Heavy Plow
21:30 Gold Mining
23:00 Stone Mining
23:49 Hand Cart
27:41 Imperial Age
26:05 Gold Shaft Mining
26:34 Forging
26:30 Scale Barding Armor
26:54 Town Watch
27:32 Scale Mail Armor
28:19 Husbandry
28:46 Chain Barding Armor
29:05 Conscription
30:14 Plate Barding Armor
29:51 Bloodlines
30:13 Conscription
30:57 Iron Casting
31:38 Detinets
31:10 Pikeman
31:50 Squires
31:51 Scale Mail Armor
31:36 Cavalier
32:15 Halberdier
33:27 Conscription
32:30 Cavalier
34:14 Blast Furnace
SlyFever
0:39 Loom
10:32 Feudal Age
14:31 Castle Age
12:38 Horse Collar
13:20 Double-Bit Axe
15:30 Bow Saw
15:21 Heavy Plow
16:17 Heavy Plow
17:26 Loom
21:16 Wheelbarrow
23:22 Stone Mining
23:31 Fletching
23:41 Padded Archer Armor
25:17 Hand Cart
24:54 Crossbowman
26:17 Thumb Ring
26:57 Bodkin Arrow
27:04 Town Watch
28:52 Ballistics
瓦兰吉程咬金三板斧
10:00 Feudal Age
14:11 Castle Age
12:35 Double-Bit Axe
13:12 Horse Collar
15:20 Bow Saw
20:47 Wheelbarrow
21:20 Heavy Plow
23:18 Gold Mining
28:30 Imperial Age
26:00 Stone Mining
26:44 Hand Cart
26:50 Scale Barding Armor
27:41 Forging
28:36 Bloodlines
29:02 Iron Casting
28:15 Loom
29:25 Stone Shaft Mining
29:37 Conscription
29:41 Chain Barding Armor
29:21 Elite Jarl
31:56 Plate Barding Armor
32:22 Blast Furnace
31:28 Husbandry
33:37 Two-Man Saw
33:11 Crop Rotation
825889483
10:19 Feudal Age
13:50 Castle Age
12:52 Double-Bit Axe
14:13 Town Watch
18:10 Wheelbarrow
21:32 Horse Collar
24:30 Crossbowman
26:19 Loom
29:46 Fletching
36:10 Imperial Age
33:14 Elite Skirmisher
34:15 Bodkin Arrow
34:20 Padded Archer Armor
A spoon full of love
6:38 Double-Bit Axe
6:37 Horse Collar
13:03 Feudal Age
13:56 Heavy Plow
16:37 Castle Age
14:48 Bow Saw
14:46 Loom
21:03 Imperial Age
19:19 Gold Mining
22:23 Two-Man Saw
22:47 Chemistry
23:10 Padded Archer Armor
otherguy
9:27 Loom
11:51 Feudal Age
13:06 Horse Collar
15:54 Castle Age
13:43 Double-Bit Axe
15:25 Bloodlines
17:39 Bow Saw
24:13 Scale Barding Armor
25:35 Wheelbarrow
25:13 Husbandry
26:13 Forging
27:31 Chain Barding Armor
30:23 Iron Casting
33:12 Hand Cart
32:46 Town Watch
36:11 Imperial Age
34:01 Hand Cart
33:49 Town Patrol
SabahIctimasi
8:53 Feudal Age
13:49 Castle Age
11:54 Double-Bit Axe
12:22 Horse Collar
19:10 Bow Saw
21:11 Heavy Plow
22:36 Wheelbarrow
21:51 Loom
23:33 Hand Cart
23:14 Stone Mining
23:33 Gold Mining
25:46 Gold Shaft Mining
28:32 Imperial Age
27:37 Fletching
27:47 Padded Archer Armor
28:14 Ballistics
28:40 Town Watch
29:07 Bodkin Arrow
29:27 Leather Archer Armor
30:39 Two-Man Saw
30:01 Bloodlines
29:52 Husbandry
29:14 Elite Elephant Archer
31:34 Chemistry
31:16 Paiks
31:58 Bracer
32:28 Ring Archer Armor
33:00 Siege Engineers
34:18 Conscription
35:09 Ring Archer Armor
34:44 Scale Barding Armor
edengr7
9:05 Feudal Age
13:26 Castle Age
11:33 Double-Bit Axe
12:04 Horse Collar
13:44 Loom
25:56 Forging
25:38 Gold Mining
33:09 Heavy Plow
33:30 Bow Saw
38:14 Imperial Age
36:02 Scale Mail Armor
Connection lost

Rejoining the realm…

Still unreachable

The connection could not be restored.

Session expired

The server has moved on; the page needs a fresh start.